Workbook
Name _1Excel_BuiltIn_Print_Area_1_1_1: 'Прил 1'!$A$1:$C$29
Name _2Excel_BuiltIn_Print_Area_7_1_1: #REF!
Name _2Excel_BuiltIn_Print_Area_7_1_1: #REF!
Name _Toc105952698: 'Прил 3 '!$A$2
Name _Toc105952698: #REF!
Name Excel_BuiltIn_Print_Area_1: 'Прил 1'!$A$1:$C$29
Name Excel_BuiltIn_Print_Area_1_1: 'Прил 1'!$A$1:$C$29
Name Excel_BuiltIn_Print_Area_2: #REF!
Name Excel_BuiltIn_Print_Area_2: #REF!
Name Excel_BuiltIn_Print_Area_3: #REF!
Name Excel_BuiltIn_Print_Area_3_1: #REF!
Name Excel_BuiltIn_Print_Area_3_1: #REF!
Name Excel_BuiltIn_Print_Area_4: #REF!
Name Excel_BuiltIn_Print_Area_4: #REF!
Name Excel_BuiltIn_Print_Area_5: 'Прил 3 '!$A$1:$I$45
Name Excel_BuiltIn_Print_Area_5: #REF!
Name Excel_BuiltIn_Print_Area_5_1: 'Прил 3 '!$A$1:$I$45
Name Excel_BuiltIn_Print_Area_5_1: #REF!
Name Excel_BuiltIn_Print_Area_6: 'Прил 2'!$A$1:$G$46
Name Excel_BuiltIn_Print_Area_6_1: 'Прил 2'!$A$1:$G$46
Name Excel_BuiltIn_Print_Area_7: #REF!
Name Excel_BuiltIn_Print_Area_7: #REF!
Name Excel_BuiltIn_Print_Area_7_1: #REF!
Name Excel_BuiltIn_Print_Area_7_1: #REF!

Sheet Прил 1
C1: Приложение 1 к решению Совета депутатов Большеполянского сельского поселения "Об исполнении бюджета Большеполянского сельского поселения Кадошкинского муниципального района Республики Мордовия за 2022 год"
A2: ДОХОДЫ БЮДЖЕТА БОЛЬШЕПОЛЯНСКОГО СЕЛЬСКОГО ПОСЕЛЕНИЯ КАДОШКИНСКОГО МУНИЦИПАЛЬНОГО РАЙОНА РЕСПУБЛИКИ МОРДОВИЯ
C3: (тыс.рублей)
A4: Код бюджетной классификации доходов бюджета | B4: Наименование доходов | C4: Сумма
C5: План 2022 год | D5: Исполнение 2022 год | E5: % исполнения
A6: 1 | B6: 2 | C6: 3 | D6: 4 | E6: 5
B7: ВСЕГО ДОХОДОВ | C7: =SUM(C8+C19+C30) -> 1800.4 | D7: =SUM(D8+D19+D30) -> 1790.2 | E7: =D7/C7*100 -> 99.433459
A8: 00010000000000000000 | B8: НАЛОГОВЫЕ И НЕНАЛОГОВЫЕ ДОХОДЫ | C8: =C9+C12+C14+C16 -> 382 | D8: =D9+D12+D14+D16 -> 371.8 | E8: =D8/C8*100 -> 97.329843
A9: 00010100000000000000 | B9: НАЛОГИ НА ПРИБЫЛЬ, ДОХОДЫ | C9: =SUM(C10) -> 17 | D9: =SUM(D10) -> 20.7 | E9: =D9/C9*100 -> 121.76471
A10: 00010102000010000110 | B10: Налог на доходы физических лиц | C10: =SUM(C11) -> 17 | D10: =SUM(D11) -> 20.7 | E10: =D10/C10*100 -> 121.76471
A11: 18210102010010000110 | B11: Налог на доходы физических лиц с доходов, источником которых является налоговый агент, за исключением доходов, в отношении которых исчисление и уплата налога осуществляются в соответствии со статьями 227, 2271 и 228 Налогового кодекса Российской Федерации | C11: 17 | D11: 20.7 | E11: =D11/C11*100 -> 121.76471
A12: 00010500000000000000 | B12: НАЛОГИ НА СОВОКУПНЫЙ ДОХОД | C12: =SUM(C13) -> 1 | D12: =SUM(D13) -> 0 | E12: =D12/C12*100 -> 0
A13: 18210503010010000110 | B13: Единый сельскохозяйственный налог | C13: 1 | D13: 0 | E13: =D13/C13*100 -> 0
A14: 00010600000000000000 | B14: НАЛОГИ НА ИМУЩЕСТВО | C14: =SUM(C15) -> 35 | D14: =SUM(D15) -> 45.6 | E14: =D14/C14*100 -> 130.28571
A15: 18210601030100000110 | B15: Налог на имущество физических лиц, взимаемый по ставкам, применяемым к объектам налогообложения, расположенным в границах сельских поселений | C15: 35 | D15: 45.6 | E15: =D15/C15*100 -> 130.28571
A16: 00010606000000000110 | B16: Земельный налог | C16: =SUM(C17+C18) -> 329 | D16: =SUM(D17+D18) -> 305.5 | E16: =D16/C16*100 -> 92.857143
A17: 18210606033100000110 | B17: Земельный налог с организаций, обладающих земельным участком, расположенным в границах сельских поселений | C17: 180 | D17: 209.8 | E17: =D17/C17*100 -> 116.55556
A18: 18210606043100000110 | B18: Земельный налог с физических лиц, обладающих земельным участком, расположенным в границах сельских поселений | C18: 149 | D18: 95.7 | E18: =D18/C18*100 -> 64.228188
A19: 00020200000000000000 | B19: БЕЗВОЗМЕЗДНЫЕ ПОСТУПЛЕНИЯ ОТ ДРУГИХ БЮДЖЕТОВ БЮДЖЕТНОЙ СИСТЕМЫ РОССИЙСКОЙ ФЕДЕРАЦИИ | C19: =C25+C28+C20+C23 -> 1398.4 | D19: =D25+D28+D20+D23 -> 1398.4 | E19: =D19/C19*100 -> 100
A20: 00020210000000000150 | B20: Дотации бюджетам бюджетной системы Российской Федерации | C20: =C21+C22 -> 386.9 | D20: =D21+D22 -> 386.9 | E20: =D20/C20*100 -> 100
A21: 91120215001100000150 | B21: Дотации бюджетам сельских поселений на выравнивание бюджетной обеспеченности | C21: =158.8+6.6 -> 165.4 | D21: 165.4 | E21: =D21/C21*100 -> 100
A22: 91120215002100000150 | B22: Дотации бюджетам сельских поселений на поддержку мер по обеспечению сбалансированности бюджетов | C22: 221.5 | D22: 221.5 | E22: =D22/C22*100 -> 100
A23: 00020220000000000150 | B23: Субсидии бюджетам бюджетной системы Российской Федерации (межбюджетные субсидии) | C23: =C24 -> 472 | D23: =D24 -> 472 | E23: =D23/C23*100 -> 100
A24: 91120229999100000150 | B24: Прочие субсидии бюджетам сельских поселений | C24: =250+160+62 -> 472 | D24: 472 | E24: =D24/C24*100 -> 100
A25: 00020230000000000150 | B25: Субвенции бюджетам бюджетной системы Российской Федерации | C25: =SUM(C26+C27) -> 95.4 | D25: =SUM(D26+D27) -> 95.4 | E25: =D25/C25*100 -> 100
A26: 91120230024100000150 | B26: Субвенции на осуществление государственных полномочий Республики Мордовия по определению перечня должностных лиц, уполномоченных составлять протоколы об административных правонарушениях, предусмотренных Законом Республики Мордовия от 15 июня 2015 года № 38-З "Об административной ответственности на территории Республики Мордовия" | C26: 0.1 | D26: 0.1 | E26: =D26/C26*100 -> 100
A27: 91120235118100000150 | B27: Субвенции бюджетам сельских поселений на осуществление первичного воинского учета на территориях, где отсутствуют военные комиссариаты | C27: =89.8+5.5 -> 95.3 | D27: 95.3 | E27: =D27/C27*100 -> 100
A28: 00020240000000000150 | B28: Иные межбюджетные трансферты | C28: =SUM(C29) -> 444.1 | D28: =SUM(D29) -> 444.1 | E28: =D28/C28*100 -> 100
A29: 91120240014100000150 | B29: Межбюджетные трансферты, передаваемые бюджетам сельских поселений из бюджетов муниципальных районов на осуществление части полномочий по решению вопросов местного значения в соответствии с заключенными соглашениями | C29: =30.4+257.4+96.3+40+20 -> 444.1 | D29: 444.1 | E29: =D29/C29*100 -> 100
A30: 00020700000000000000 | B30: ПРОЧИЕ БЕЗВОЗМЕЗДНЫЕ ПОСТУПЛЕНИЯ | C30: =C31 -> 20 | D30: =D31 -> 20 | E30: =D30/C30*100 -> 100
A31: 91120705030100000150 | B31: Прочие безвозмездные поступления в бюджеты сельских поселений | C31: 20 | D31: 20 | E31: =D31/C31*100 -> 100

Sheet Прил 2
J1: Приложение 2 к решению Совета депутатов Большеполянского сельского поселения "Об исполнении бюджета Большеполянского сельского поселения Кадошкинского муниципального района Республики Мордовия за 2022 год"
A2: ВЕДОМСТВЕННАЯ СТРУКТУРА РАСХОДОВ БЮДЖЕТА БОЛЬШЕПОЛЯНСКОГО СЕЛЬСКОГО ПОСЕЛЕНИЯ КАДОШКИНСКОГО МУНИЦИПАЛЬНОГО РАЙОНА РЕСПУБЛИКИ МОРДОВИЯ НА 2022 ГОД
L3: (тыс. рублей)
A4: Наименование | B4: Адм | C4: Рз | D4: Прз | E4: Цср | I4: Вр | J4: Сумма
J5: План 2022 год | K5: Исполнение 2022 год | L5: % исполнения
A6: 1 | B6: 2 | C6: 3 | D6: 4 | E6: 5 | F6: 6 | G6: 7 | H6: 8 | I6: 9 | J6: 10 | K6: 11 | L6: 12
A7: ВСЕГО | J7: =J8 -> 1833.381 | K7: =K8 -> 1797.682 | L7: =K7/J7*100 -> 98.052832
A8: Администрация Большеполянского сельского поселения Кадошкинского муниципального района Республики Мордовия | B8: 911 | J8: =J9+J47+J56+J63+J76+J83 -> 1833.381 | K8: =K9+K47+K56+K63+K76+K83 -> 1797.682 | L8: =K8/J8*100 -> 98.052832
A9: Общегосударственные вопросы | B9: 911 | C9: 01 | J9: =J10+J19+J41 -> 1179.643 | K9: =K10+K19+K41 -> 1173.682 | L9: =K9/J9*100 -> 99.494678
A10: Функционирование высшего должностного лица субъекта Российской Федерации и муниципального образования | B10: 911 | C10: 01 | D10: 02 | J10: =J11 -> 476.38 | K10: =K11 -> 476.3 | L10: =K10/J10*100 -> 99.983207
A11: Обеспечение деятельности администрации | B11: 911 | C11: 01 | D11: 02 | E11: 65 | J11: =J12 -> 476.38 | K11: =K12 -> 476.3 | L11: =K11/J11*100 -> 99.983207
A12: Высшее должностное лицо | B12: 911 | C12: 01 | D12: 02 | E12: 65 | F12: 1 | J12: =J13+J16 -> 476.38 | K12: =K13+K16 -> 476.3 | L12: =K12/J12*100 -> 99.983207
A13: Расходы на выплаты по оплате труда высшего должностного лица | B13: 911 | C13: 01 | D13: 02 | E13: 65 | F13: 1 | G13: 00 | H13: 41150 | J13: =J14 -> 224.38 | K13: =K14 -> 224.3 | L13: =K13/J13*100 -> 99.964346
A14: Расходы на выплаты персоналу в целях обеспечения выполнения функций государственными (муниципальными) органами, казенными учреждениями, органами управления государственными внебюджетными фондами | B14: 911 | C14: 01 | D14: 02 | E14: 65 | F14: 1 | G14: 00 | H14: 41150 | I14: 100 | J14: =J15 -> 224.38 | K14: =K15 -> 224.3 | L14: =K14/J14*100 -> 99.964346
A15: Расходы на выплаты персоналу государственных (муниципальных) органов | B15: 911 | C15: 01 | D15: 02 | E15: 65 | F15: 1 | G15: 00 | H15: 41150 | I15: 120 | J15: =258-3.52-30.1 -> 224.38 | K15: 224.3 | L15: =K15/J15*100 -> 99.964346
A16: Субсидии на софинансирование расходных обязательств по финансовому обеспечению деятельности органов местного самоуправления и муниципальных учреждений | B16: 911 | C16: 01 | D16: 02 | E16: 65 | F16: 1 | G16: 00 | H16: 44205 | J16: =J17 -> 252 | K16: =K17 -> 252 | L16: =K16/J16*100 -> 100
A17: Расходы на выплаты персоналу в целях обеспечения выполнения функций государственными (муниципальными) органами, казенными учреждениями, органами управления государственными внебюджетными фондами | B17: 911 | C17: 01 | D17: 02 | E17: 65 | F17: 1 | G17: 00 | H17: 44205 | I17: 100 | J17: =J18 -> 252 | K17: =K18 -> 252 | L17: =K17/J17*100 -> 100
A18: Расходы на выплаты персоналу государственных (муниципальных) органов | B18: 911 | C18: 01 | D18: 02 | E18: 65 | F18: 1 | G18: 00 | H18: 44205 | I18: 120 | J18: =100+120+32 -> 252 | K18: 252 | L18: =K18/J18*100 -> 100
A19: Функционирование Правительства Российской Федерации, высших органов исполнительной власти субъектов Российской Федерации, местных администраций | B19: 911 | C19: 01 | D19: 04 | J19: =J20+J36 -> 702.263 | K19: =K20+K36 -> 697.382 | L19: =K19/J19*100 -> 99.304961
A20: Обеспечение деятельности администрации | B20: 911 | C20: 01 | D20: 04 | E20: 65 | J20: =J21 -> 702.163 | K20: =K21 -> 697.282 | L20: =K20/J20*100 -> 99.304862
A21: Непрограммные расходы в рамках обеспечения деятельности администрации | B21: 911 | C21: 01 | D21: 04 | E21: 65 | F21: 2 | J21: =J23+J25+J31 -> 702.163 | K21: =K23+K25+K31 -> 697.282 | L21: =K21/J21*100 -> 99.304862
A22: Расходы на выплаты по оплате труда работников органов местного самоуправления | B22: 911 | C22: 01 | D22: 04 | E22: 65 | F22: 2 | G22: 00 | H22: 41110 | J22: =J23 -> 309.385 | K22: =K23 -> 309.4 | L22: =K22/J22*100 -> 100.00485
A23: Расходы на выплаты персоналу в целях обеспечения выполнения функций государственными (муниципальными) органами, казенными учреждениями, органами управления государственными внебюджетными фондами | B23: 911 | C23: 01 | D23: 04 | E23: 65 | F23: 2 | G23: 00 | H23: 41110 | I23: 100 | J23: =J24 -> 309.385 | K23: =K24 -> 309.4 | L23: =K23/J23*100 -> 100.00485
A24: Расходы на выплаты персоналу государственных (муниципальных) органов | B24: 911 | C24: 01 | D24: 04 | E24: 65 | F24: 2 | G24: 00 | H24: 41110 | I24: 120 | J24: =294.8+9+0.38+5.205 -> 309.385 | K24: 309.4 | L24: =K24/J24*100 -> 100.00485
A25: Расходы на обеспечение функций органов местного самоуправленя | B25: 911 | C25: 01 | D25: 04 | E25: 65 | F25: 2 | G25: 00 | H25: 41120 | J25: =J26+J28 -> 168.016 | K25: =K26+K28 -> 167.982 | L25: =K25/J25*100 -> 99.979764
A26: Закупка товаров, работ и услуг для обеспечения государственных (муниципальных) нужд | B26: 911 | C26: 01 | D26: 04 | E26: 65 | F26: 2 | G26: 00 | H26: 41120 | I26: 200 | J26: =J27 -> 158.431 | K26: =K27 -> 158.4 | L26: =K26/J26*100 -> 99.980433
A27: Иные закупки товаров, работ и услуг для обеспечения государственных (муниципальных) нужд | B27: 911 | C27: 01 | D27: 04 | E27: 65 | F27: 2 | G27: 00 | H27: 41120 | I27: 240 | J27: =75.1+83.331 -> 158.431 | K27: 158.4 | L27: =K27/J27*100 -> 99.980433
A28: Иные бюджетные ассигнования | B28: 911 | C28: 01 | D28: 04 | E28: 65 | F28: 2 | G28: 00 | H28: 41120 | I28: 800 | J28: =J30+J29 -> 9.585 | K28: =K30+K29 -> 9.582 | L28: =K28/J28*100 -> 99.968701
A29: Исполнение судебных актов | B29: 911 | C29: 01 | D29: 04 | E29: 65 | F29: 2 | G29: 00 | H29: 41120 | I29: 830 | J29: 1 | K29: 1 | L29: =K29/J29*100 -> 100
A30: Уплата налогов, сборов и иных платежей | B30: 911 | C30: 01 | D30: 04 | E30: 65 | F30: 2 | G30: 00 | H30: 41120 | I30: 850 | J30: =30-10.616-1.01-9.789 -> 8.585 | K30: 8.582 | L30: =K30/J30*100 -> 99.965055
A31: Субсидии на софинансирование расходных обязательств по финансовому обеспечению деятельности органов местного самоуправления и муниципальных учреждений | B31: 911 | C31: 01 | D31: 04 | E31: 65 | F31: 2 | G31: 00 | H31: 44205 | J31: =J32+J34 -> 224.762 | K31: =K32+K34 -> 219.9 | L31: =K31/J31*100 -> 97.836823
A32: Расходы на выплаты персоналу в целях обеспечения выполнения функций государственными (муниципальными) органами, казенными учреждениями, органами управления государственными внебюджетными фондами | B32: 911 | C32: 01 | D32: 04 | E32: 65 | F32: 2 | G32: 00 | H32: 44205 | I32: 100 | J32: =J33 -> 147.762 | K32: =K33 -> 147.8 | L32: =K32/J32*100 -> 100.02572
A33: Расходы на выплаты персоналу государственных (муниципальных) органов | B33: 911 | C33: 01 | D33: 04 | E33: 65 | F33: 2 | G33: 00 | H33: 44205 | I33: 120 | J33: =75.52+41.616+30.626 -> 147.762 | K33: 147.8 | L33: =K33/J33*100 -> 100.02572
A34: Закупка товаров, работ и услуг для обеспечения государственных (муниципальных) нужд | B34: 911 | C34: 01 | D34: 04 | E34: 65 | F34: 2 | G34: 00 | H34: 44205 | I34: 200 | J34: =J35 -> 77 | K34: =K35 -> 72.1 | L34: =K34/J34*100 -> 93.636364
A35: Иные закупки товаров, работ и услуг для обеспечения государственных (муниципальных) нужд | B35: 911 | C35: 01 | D35: 04 | E35: 65 | F35: 2 | G35: 00 | H35: 44205 | I35: 240 | J35: 77 | K35: 72.1 | L35: =K35/J35*100 -> 93.636364
A36: Непрограммные расходы главных распорядителей средств бюджета Большеполянского сельского поселения Кадошкинского муниципального района Республики Мордовия | B36: 911 | C36: 01 | D36: 04 | E36: 89 | J36: =J37 -> 0.1 | K36: =K37 -> 0.1 | L36: =K36/J36*100 -> 100
A37: Непрограммные расходы в рамках обеспечения деятельности главных распорядителей средств бюджета Большеполянского сельского поселения Кадошкинского муниципального района Республики Мордовия | B37: 911 | C37: 01 | D37: 04 | E37: 89 | F37: 1 | J37: =J38 -> 0.1 | K37: =K38 -> 0.1 | L37: =K37/J37*100 -> 100
A38: Осуществление государственных полномочий Республики Мордовия по определению перечня должностных лиц, уполномоченных составлять протоколы об административных правонарушениях, предусмотренных Законом Республики Мордовия от 15 июня 2015 года № 38-З "Об административной ответственности на территории Республики Мордовия" | B38: 911 | C38: 01 | D38: 04 | E38: 89 | F38: 1 | G38: 00 | H38: 77150 | J38: =J39 -> 0.1 | K38: =K39 -> 0.1 | L38: =K38/J38*100 -> 100
A39: Закупка товаров, работ и услуг для обеспечения государственных (муниципальных) нужд | B39: 911 | C39: 01 | D39: 04 | E39: 89 | F39: 1 | G39: 00 | H39: 77150 | I39: 200 | J39: =J40 -> 0.1 | K39: =K40 -> 0.1 | L39: =K39/J39*100 -> 100
A40: Иные закупки товаров, работ и услуг для обеспечения государственных (муниципальных) нужд | B40: 911 | C40: 01 | D40: 04 | E40: 89 | F40: 1 | G40: 00 | H40: 77150 | I40: 240 | J40: 0.1 | K40: 0.1 | L40: =K40/J40*100 -> 100
A41: Резервные фонды | B41: 911 | C41: 01 | D41: 11 | J41: =J42 -> 1 | K41: =K42 -> 0 | L41: =K41/J41*100 -> 0
A42: Непрограммные расходы главных распорядителей средств бюджета Большеполянского сельского поселения Кадошкинского муниципального района Республики Мордовия | B42: 911 | C42: 01 | D42: 11 | E42: 89 | J42: =J43 -> 1 | K42: =K43 -> 0 | L42: =K42/J42*100 -> 0
A43: Непрограммные расходы в рамках обеспечения деятельности главных распорядителей средств бюджета Большеполянского сельского поселения Кадошкинского муниципального района Республики Мордовия | B43: 911 | C43: 01 | D43: 11 | E43: 89 | F43: 1 | J43: =J44 -> 1 | K43: =K44 -> 0 | L43: =K43/J43*100 -> 0
A44: Резервный фонд администрации Большеполянского сельского поселения Кадошкинского муниципального района Республики Мордовия | B44: 911 | C44: 01 | D44: 11 | E44: 89 | F44: 1 | G44: 00 | H44: 41180 | J44: =J45 -> 1 | K44: =K45 -> 0 | L44: =K44/J44*100 -> 0
A45: Иные бюджетные ассигнования | B45: 911 | C45: 01 | D45: 11 | E45: 89 | F45: 1 | G45: 00 | H45: 41180 | I45: 800 | J45: =J46 -> 1 | K45: =K46 -> 0 | L45: =K45/J45*100 -> 0
A46: Резервные средства | B46: 911 | C46: 01 | D46: 11 | E46: 89 | F46: 1 | G46: 00 | H46: 41180 | I46: 870 | J46: 1 | K46: 0 | L46: =K46/J46*100 -> 0
A47: Национальная оборона | B47: 911 | C47: 02 | J47: =J48 -> 95.3 | K47: =K48 -> 95.3 | L47: =K47/J47*100 -> 100
A48: Мобилизационная и вневойсковая подготовка | B48: 911 | C48: 02 | D48: 03 | J48: =J51 -> 95.3 | K48: =K51 -> 95.3 | L48: =K48/J48*100 -> 100
A49: Непрограммные расходы главных распорядителей средств бюджета Большеполянского сельского поселения Кадошкинского муниципального района Республики Мордовия | B49: 911 | C49: 02 | D49: 03 | E49: 89 | J49: =J50 -> 95.3 | K49: =K50 -> 95.3 | L49: =K49/J49*100 -> 100
A50: Непрограммные расходы в рамках обеспечения деятельности главных распорядителей средств бюджета Большеполянского сельского поселения Кадошкинского муниципального района Республики Мордовия | B50: 911 | C50: 02 | D50: 03 | E50: 89 | F50: 1 | J50: =J51 -> 95.3 | K50: =K51 -> 95.3 | L50: =K50/J50*100 -> 100
A51: Осуществление государственных полномочий Российской Федерации о первичному воинскому учету на территориях, где отсутствуют военные комиссариаты | B51: 911 | C51: 02 | D51: 03 | E51: 89 | F51: 1 | G51: 00 | H51: 51180 | J51: =J52+J54 -> 95.3 | K51: =K52+K54 -> 95.3 | L51: =K51/J51*100 -> 100
A52: Расходы на выплаты персоналу в целях обеспечения выполнения функций государственными (муниципальными) органами, казенными учреждениями, органами управления государственными внебюджетными фондами | B52: 911 | C52: 02 | D52: 03 | E52: 89 | F52: 1 | G52: 00 | H52: 51180 | I52: 100 | J52: =J53 -> 91.3 | K52: =K53 -> 91.3 | L52: =K52/J52*100 -> 100
A53: Расходы на выплаты персоналу государственных (муниципальных) органов | B53: 911 | C53: 02 | D53: 03 | E53: 89 | F53: 1 | G53: 00 | H53: 51180 | I53: 120 | J53: =85.8+5.5 -> 91.3 | K53: 91.3 | L53: =K53/J53*100 -> 100
A54: Закупка товаров, работ и услуг для обеспечения государственных (муниципальных) нужд | B54: 911 | C54: 02 | D54: 03 | E54: 89 | F54: 1 | G54: 00 | H54: 51180 | I54: 200 | J54: =J55 -> 4 | K54: =K55 -> 4 | L54: =K54/J54*100 -> 100
A55: Иные закупки товаров, работ и услуг для обеспечения государственных (муниципальных) нужд | B55: 911 | C55: 02 | D55: 03 | E55: 89 | F55: 1 | G55: 00 | H55: 51180 | I55: 240 | J55: 4 | K55: 4 | L55: =K55/J55*100 -> 100
A56: Национальная экономика | B56: 911 | C56: 04 | J56: =J57 -> 353.7 | K56: =K57 -> 325.5 | L56: =K56/J56*100 -> 92.027142
A57: Дорожное хозяйство (дорожные фонды) | B57: 911 | C57: 04 | D57: 09 | J57: =J58 -> 353.7 | K57: =K58 -> 325.5 | L57: =K57/J57*100 -> 92.027142
A58: Непрограммные расходы главных распорядителей средств бюджета Большеполянского сельского поселения Кадошкинского муниципального района Республики Мордовия | B58: 911 | C58: 04 | D58: 09 | E58: 89 | J58: =J60 -> 353.7 | K58: =K60 -> 325.5 | L58: =K58/J58*100 -> 92.027142
A59: Непрограммные расходы в рамках обеспечения деятельности главных распорядителей средств бюджета Большеполянского сельского поселения Кадошкинского муниципального района Республики Мордовия | B59: 911 | C59: 04 | D59: 09 | E59: 89 | F59: 1 | L59: =K59/J59*100 -> #DIV/0!
A60: Иные межбюджетные трансферты на осуществление полномочий по дорожной деятельности в отношении автомобильных дорог местного значения в границах населенных пунктов поселения и обеспечению безопасности дорожного движения на них, включая создание и обеспечение функционирования парковок (парковочных мест), осуществлению муниципального контроля за сохранностью автомобильных дорог местного значения в границах населенных пунктов поселения, организации дорожного движения, а также осуществлению иных полномочий в области использования автомобильных дорог и осуществления дорожной деятельности в соответствии с законодательством Российской Федерации | B60: 911 | C60: 04 | D60: 09 | E60: 89 | F60: 1 | G60: 00 | H60: 44102 | J60: =J61 -> 353.7 | K60: =K61 -> 325.5 | L60: =K60/J60*100 -> 92.027142
A61: Закупка товаров, работ и услуг для обеспечения государственных (муниципальных) нужд | B61: 911 | C61: 04 | D61: 09 | E61: 89 | F61: 1 | G61: 00 | H61: 44102 | I61: 200 | J61: =J62 -> 353.7 | K61: =K62 -> 325.5 | L61: =K61/J61*100 -> 92.027142
A62: Иные закупки товаров, работ и услуг для обеспечения государственных (муниципальных) нужд | B62: 911 | C62: 04 | D62: 09 | E62: 89 | F62: 1 | G62: 00 | H62: 44102 | I62: 240 | J62: 353.7 | K62: 325.5 | L62: =K62/J62*100 -> 92.027142
A63: Жилищно-коммунальное хозяйство | B63: 911 | C63: 05 | J63: =J64+J70 -> 133.638 | K63: =K64+K70 -> 133.6 | L63: =K63/J63*100 -> 99.971565
A64: Коммунальное хозяйство | B64: 911 | C64: 05 | D64: 02 | J64: =J65 -> 90.4 | K64: =K65 -> 90.4 | L64: =K64/J64*100 -> 100
A65: Непрограммные расходы главных распорядителей средств бюджета Большеполянского сельского поселения Кадошкинского муниципального района Республики Мордовия | B65: 911 | C65: 05 | D65: 02 | E65: 89 | J65: =J66 -> 90.4 | K65: =K66 -> 90.4 | L65: =K65/J65*100 -> 100
A66: Непрограммные расходы в рамках обеспечения деятельности главных распорядителей средств бюджета Большеполянского сельского поселения Кадошкинского муниципального района Республики Мордовия | B66: 911 | C66: 05 | D66: 02 | E66: 89 | F66: 1 | J66: =J67 -> 90.4 | K66: =K67 -> 90.4 | L66: =K66/J66*100 -> 100
A67: Иные межбюджетные трансферты на осуществление полномочий по организации в границах поселения электро-, тепло-, газо- и водоснабжения населения, водоотведения, снабжения населения топливом в пределах полномочий, установленных законодательством Российской Федерации | B67: 911 | C67: 05 | D67: 02 | E67: 89 | F67: 1 | G67: 00 | H67: 44101 | J67: =J68 -> 90.4 | K67: =K68 -> 90.4 | L67: =K67/J67*100 -> 100
A68: Закупка товаров, работ и услуг для обеспечения государственных (муниципальных) нужд | B68: 911 | C68: 05 | D68: 02 | E68: 89 | F68: 1 | G68: 00 | H68: 44101 | I68: 200 | J68: =J69 -> 90.4 | K68: =K69 -> 90.4 | L68: =K68/J68*100 -> 100
A69: Иные закупки товаров, работ и услуг для обеспечения государственных (муниципальных) нужд | B69: 911 | C69: 05 | D69: 02 | E69: 89 | F69: 1 | G69: 00 | H69: 44101 | I69: 240 | J69: =30.4+40+20 -> 90.4 | K69: 90.4 | L69: =K69/J69*100 -> 100
A70: Благоустройство | B70: 911 | C70: 05 | D70: 03 | J70: =J71 -> 43.238 | K70: =K71 -> 43.2 | L70: =K70/J70*100 -> 99.912114
A71: Непрограммные расходы главных распорядителей средств бюджета Большеполянского сельского поселения Кадошкинского муниципального района Республики Мордовия | B71: 911 | C71: 05 | D71: 03 | E71: 89 | J71: =J72 -> 43.238 | K71: =K72 -> 43.2 | L71: =K71/J71*100 -> 99.912114
A72: Непрограммные расходы в рамках обеспечения деятельности главных распорядителей средств бюджета Большеполянского сельского поселения Кадошкинского муниципального района Республики Мордовия | B72: 911 | C72: 05 | D72: 03 | E72: 89 | F72: 1 | J72: =J73 -> 43.238 | K72: =K73 -> 43.2 | L72: =K72/J72*100 -> 99.912114
A73: Уличное освещение | B73: 911 | C73: 05 | D73: 03 | E73: 89 | F73: 1 | G73: 00 | H73: 43010 | J73: =J74 -> 43.238 | K73: =K74 -> 43.2 | L73: =K73/J73*100 -> 99.912114
A74: Закупка товаров, работ и услуг для обеспечения государственных (муниципальных) нужд | B74: 911 | C74: 05 | D74: 03 | E74: 89 | F74: 1 | G74: 00 | H74: 43010 | I74: 200 | J74: =J75 -> 43.238 | K74: =K75 -> 43.2 | L74: =K74/J74*100 -> 99.912114
A75: Иные закупки товаров, работ и услуг для обеспечения государственных (муниципальных) нужд | B75: 911 | C75: 05 | D75: 03 | E75: 89 | F75: 1 | G75: 00 | H75: 43010 | I75: 240 | J75: =26.1+10.8+6.338 -> 43.238 | K75: 43.2 | L75: =K75/J75*100 -> 99.912114
A76: Социальная политика | B76: 911 | C76: 10 | J76: =J77 -> 69.6 | K76: =K77 -> 69.6 | L76: =K76/J76*100 -> 100
A77: Пенсионное обеспечение | B77: 911 | C77: 10 | D77: 01 | J77: =J78 -> 69.6 | K77: =K78 -> 69.6 | L77: =K77/J77*100 -> 100
A78: Непрограммные расходы главных распорядителей средств бюджета Большеполянского сельского поселения Кадошкинского муниципального района Республики Мордовия | B78: 911 | C78: 10 | D78: 01 | E78: 89 | J78: =J79 -> 69.6 | K78: =K79 -> 69.6 | L78: =K78/J78*100 -> 100
A79: Непрограммные расходы в рамках обеспечения деятельности главных распорядителей средств бюджета Большеполянского сельского поселения Кадошкинского муниципального района Республики Мордовия | B79: 911 | C79: 10 | D79: 01 | E79: 89 | F79: 1 | J79: =J80 -> 69.6 | K79: =K80 -> 69.6 | L79: =K79/J79*100 -> 100
A80: Доплаты к пенсиям муниципальных служащих Республики Мордовия | B80: 911 | C80: 10 | D80: 01 | E80: 89 | F80: 1 | G80: 00 | H80: 03010 | J80: =J81 -> 69.6 | K80: =K81 -> 69.6 | L80: =K80/J80*100 -> 100
A81: Социальное обеспечение и иные выплаты населению | B81: 911 | C81: 10 | D81: 01 | E81: 89 | F81: 1 | G81: 00 | H81: 03010 | I81: 300 | J81: =J82 -> 69.6 | K81: =K82 -> 69.6 | L81: =K81/J81*100 -> 100
A82: Публичные нормативные социальные выплаты гражданам | B82: 911 | C82: 10 | D82: 01 | E82: 89 | F82: 1 | G82: 00 | H82: 03010 | I82: 310 | J82: 69.6 | K82: =69.6 -> 69.6 | L82: =K82/J82*100 -> 100
A83: Обслуживание государственного и муниципального долга | B83: 911 | C83: 13 | J83: =J84 -> 1.5 | K83: =K84 -> 0 | L83: =K83/J83*100 -> 0
A84: Обслуживание государственного внутреннего и муниципального долга | B84: 911 | C84: 13 | D84: 01 | J84: =J85 -> 1.5 | K84: =K85 -> 0 | L84: =K84/J84*100 -> 0
A85: Непрограммные расходы главных распорядителей средств бюджета Большеполянского сельского поселения Кадошкинского муниципального района Республики Мордовия | B85: 911 | C85: 13 | D85: 01 | E85: 89 | J85: =J86 -> 1.5 | K85: =K86 -> 0 | L85: =K85/J85*100 -> 0
A86: Непрограммные расходы в рамках обеспечения деятельности главных распорядителей средств бюджета Большеполянского сельского поселения Кадошкинского муниципального района Республики Мордовия | B86: 911 | C86: 13 | D86: 01 | E86: 89 | F86: 1 | J86: =J87 -> 1.5 | K86: =K87 -> 0 | L86: =K86/J86*100 -> 0
A87: Процентные платежи по муниципальному долгу | B87: 911 | C87: 13 | D87: 01 | E87: 89 | F87: 1 | G87: 00 | H87: 41240 | J87: =J88 -> 1.5 | K87: =K88 -> 0 | L87: =K87/J87*100 -> 0
A88: Обслуживание государственного (муниципального) долга | B88: 911 | C88: 13 | D88: 01 | E88: 89 | F88: 1 | G88: 00 | H88: 41240 | I88: 700 | J88: =J89 -> 1.5 | K88: =K89 -> 0 | L88: =K88/J88*100 -> 0
A89: Обслуживание муниципального долга | B89: 911 | C89: 13 | D89: 01 | E89: 89 | F89: 1 | G89: 00 | H89: 41240 | I89: 730 | J89: 1.5 | K89: 0 | L89: =K89/J89*100 -> 0

Sheet Прил 3 
I1: Приложение 3 к решению Совета депутатов Большеполянского сельского поселения "Об исполнении бюджета Большеполянского сельского поселения Кадошкинского муниципального района Республики Мордовия за 2022 год"
A2: РАСПРЕДЕЛЕНИЕ БЮДЖЕТНЫХ АССИГНОВАНИЙ БЮДЖЕТА БОЛЬШЕПОЛЯНСКОГО СЕЛЬСКОГО ПОСЕЛЕНИЯ КАДОШКИНСКОГО МУНИЦИПАЛЬНОГО РАЙОНА РЕСПУБЛИКИ МОРДОВИЯ ПО РАЗДЕЛАМ, ПОДРАЗДЕЛАМ, ЦЕЛЕВЫМ СТАТЬЯМ (МУНИЦИПАЛЬНЫМ ПРОГРАММАМ И НЕПРОГРАММНЫМ НАПРАВЛЕНИЯМ ДЕЯТЕЛЬНОСТИ), ГРУППАМ И ПОДГРУППАМ ВИДОВ РАСХОДОВ КЛАССИФИКАЦИИ РАСХОДОВ БЮДЖЕТОВ НА 2022 ГОД
K3: (тыс. рублей)
A4: Наименование | B4: Рз | C4: Прз | D4: Цср | H4: Вр | I4: Сумма
I5: План 2022 год | J5: Исполнение 2022 год | K5: % исполнения
A6: 1 | B6: 2 | C6: 3 | D6: 4 | E6: 5 | F6: 6 | G6: 7 | H6: 8 | I6: 9 | J6: 10 | K6: 11
A7: ВСЕГО | I7: =I8+I46+I55+I62+I75+I82 -> 1833.381 | J7: =J8+J46+J55+J62+J75+J82 -> 1797.682 | K7: =J7/I7*100 -> 98.052832
A8: Общегосударственные вопросы | B8: 01 | I8: =I9+I18+I40 -> 1179.643 | J8: =J9+J18+J40 -> 1173.682 | K8: =J8/I8*100 -> 99.494678
A9: Функционирование высшего должностного лица субъекта Российской Федерации и муниципального образования | B9: 01 | C9: 02 | I9: =I10 -> 476.38 | J9: =J10 -> 476.3 | K9: =J9/I9*100 -> 99.983207
A10: Обеспечение деятельности администрации | B10: 01 | C10: 02 | D10: 65 | I10: =I11 -> 476.38 | J10: =J11 -> 476.3 | K10: =J10/I10*100 -> 99.983207
A11: Высшее должностное лицо | B11: 01 | C11: 02 | D11: 65 | E11: 1 | I11: =I12+I15 -> 476.38 | J11: =J12+J15 -> 476.3 | K11: =J11/I11*100 -> 99.983207
A12: Расходы на выплаты по оплате труда высшего должностного лица | B12: 01 | C12: 02 | D12: 65 | E12: 1 | F12: 00 | G12: 41150 | I12: =I13 -> 224.38 | J12: =J13 -> 224.3 | K12: =J12/I12*100 -> 99.964346
A13: Расходы на выплаты персоналу в целях обеспечения выполнения функций государственными (муниципальными) органами, казенными учреждениями, органами управления государственными внебюджетными фондами | B13: 01 | C13: 02 | D13: 65 | E13: 1 | F13: 00 | G13: 41150 | H13: 100 | I13: =I14 -> 224.38 | J13: =J14 -> 224.3 | K13: =J13/I13*100 -> 99.964346
A14: Расходы на выплаты персоналу государственных (муниципальных) органов | B14: 01 | C14: 02 | D14: 65 | E14: 1 | F14: 00 | G14: 41150 | H14: 120 | I14: ='Прил 2'!J15 -> 224.38 | J14: ='Прил 2'!K15 -> 224.3 | K14: =J14/I14*100 -> 99.964346
A15: Субсидии на софинансирование расходных обязательств по финансовому обеспечению деятельности органов местного самоуправления и муниципальных учреждений | B15: 01 | C15: 02 | D15: 65 | E15: 1 | F15: 00 | G15: 44205 | I15: =I16 -> 252 | J15: =J16 -> 252 | K15: =J15/I15*100 -> 100
A16: Расходы на выплаты персоналу в целях обеспечения выполнения функций государственными (муниципальными) органами, казенными учреждениями, органами управления государственными внебюджетными фондами | B16: 01 | C16: 02 | D16: 65 | E16: 1 | F16: 00 | G16: 44205 | H16: 100 | I16: =I17 -> 252 | J16: =J17 -> 252 | K16: =J16/I16*100 -> 100
A17: Расходы на выплаты персоналу государственных (муниципальных) органов | B17: 01 | C17: 02 | D17: 65 | E17: 1 | F17: 00 | G17: 44205 | H17: 120 | I17: ='Прил 2'!J18 -> 252 | J17: ='Прил 2'!K18 -> 252 | K17: =J17/I17*100 -> 100
A18: Функционирование Правительства Российской Федерации, высших органов исполнительной власти субъектов Российской Федерации, местных администраций | B18: 01 | C18: 04 | I18: =I19+I35 -> 702.263 | J18: =J19+J35 -> 697.382 | K18: =J18/I18*100 -> 99.304961
A19: Обеспечение деятельности администрации | B19: 01 | C19: 04 | D19: 65 | I19: =I20 -> 702.163 | J19: =J20 -> 697.282 | K19: =J19/I19*100 -> 99.304862
A20: Непрограммные расходы в рамках обеспечения деятельности администрации | B20: 01 | C20: 04 | D20: 65 | E20: 2 | I20: =I21+I24+I30 -> 702.163 | J20: =J21+J24+J30 -> 697.282 | K20: =J20/I20*100 -> 99.304862
A21: Расходы на выплаты по оплате труда работников органов местного самоуправления | B21: 01 | C21: 04 | D21: 65 | E21: 2 | F21: 00 | G21: 41110 | I21: =I22 -> 309.385 | J21: =J22 -> 309.4 | K21: =J21/I21*100 -> 100.00485
A22: Расходы на выплаты персоналу в целях обеспечения выполнения функций государственными (муниципальными) органами, казенными учреждениями, органами управления государственными внебюджетными фондами | B22: 01 | C22: 04 | D22: 65 | E22: 2 | F22: 00 | G22: 41110 | H22: 100 | I22: =I23 -> 309.385 | J22: =J23 -> 309.4 | K22: =J22/I22*100 -> 100.00485
A23: Расходы на выплаты персоналу государственных (муниципальных) органов | B23: 01 | C23: 04 | D23: 65 | E23: 2 | F23: 00 | G23: 41110 | H23: 120 | I23: ='Прил 2'!J24 -> 309.385 | J23: ='Прил 2'!K24 -> 309.4 | K23: =J23/I23*100 -> 100.00485
A24: Расходы на обеспечение функций органов местного самоуправления | B24: 01 | C24: 04 | D24: 65 | E24: 2 | F24: 00 | G24: 41120 | I24: =I25+I27 -> 168.016 | J24: =J25+J27 -> 167.982 | K24: =J24/I24*100 -> 99.979764
A25: Закупка товаров, работ и услуг для обеспечения государственных (муниципальных) нужд | B25: 01 | C25: 04 | D25: 65 | E25: 2 | F25: 00 | G25: 41120 | H25: 200 | I25: =I26 -> 158.431 | J25: =J26 -> 158.4 | K25: =J25/I25*100 -> 99.980433
A26: Иные закупки товаров, работ и услуг для обеспечения государственных (муниципальных) нужд | B26: 01 | C26: 04 | D26: 65 | E26: 2 | F26: 00 | G26: 41120 | H26: 240 | I26: ='Прил 2'!J27 -> 158.431 | J26: ='Прил 2'!K27 -> 158.4 | K26: =J26/I26*100 -> 99.980433
A27: Иные бюджетные ассигнования | B27: 01 | C27: 04 | D27: 66 | E27: 2 | F27: 00 | G27: 41120 | H27: 800 | I27: =I29+I28 -> 9.585 | J27: =J29+J28 -> 9.582 | K27: =J27/I27*100 -> 99.968701
A28: Исполнение судебных актов | B28: 01 | C28: 04 | D28: 65 | E28: 2 | F28: 00 | G28: 41120 | H28: 830 | I28: ='Прил 2'!J29 -> 1 | J28: ='Прил 2'!K29 -> 1 | K28: =J28/I28*100 -> 100
A29: Уплата налогов, сборов и иных платежей | B29: 01 | C29: 04 | D29: 66 | E29: 2 | F29: 00 | G29: 41120 | H29: 850 | I29: ='Прил 2'!J30 -> 8.585 | J29: ='Прил 2'!K30 -> 8.582 | K29: =J29/I29*100 -> 99.965055
A30: Субсидии на софинансирование расходных обязательств по финансовому обеспечению деятельности органов местного самоуправления и муниципальных учреждений | B30: 01 | C30: 04 | D30: 65 | E30: 2 | F30: 00 | G30: 44205 | I30: =I31+I33 -> 224.762 | J30: =J31+J33 -> 219.9 | K30: =J30/I30*100 -> 97.836823
A31: Расходы на выплаты персоналу в целях обеспечения выполнения функций государственными (муниципальными) органами, казенными учреждениями, органами управления государственными внебюджетными фондами | B31: 01 | C31: 04 | D31: 65 | E31: 2 | F31: 00 | G31: 44205 | H31: 100 | I31: =I32 -> 147.762 | J31: =J32 -> 147.8 | K31: =J31/I31*100 -> 100.02572
A32: Расходы на выплаты персоналу государственных (муниципальных) органов | B32: 01 | C32: 04 | D32: 65 | E32: 2 | F32: 00 | G32: 44205 | H32: 120 | I32: ='Прил 2'!J33 -> 147.762 | J32: ='Прил 2'!K33 -> 147.8 | K32: =J32/I32*100 -> 100.02572
A33: Закупка товаров, работ и услуг для обеспечения государственных (муниципальных) нужд | B33: 01 | C33: 04 | D33: 65 | E33: 2 | F33: 00 | G33: 44205 | H33: 200 | I33: =I34 -> 77 | J33: =J34 -> 72.1 | K33: =J33/I33*100 -> 93.636364
A34: Иные закупки товаров, работ и услуг для обеспечения государственных (муниципальных) нужд | B34: 01 | C34: 04 | D34: 65 | E34: 2 | F34: 00 | G34: 44205 | H34: 240 | I34: ='Прил 2'!J35 -> 77 | J34: ='Прил 2'!K35 -> 72.1 | K34: =J34/I34*100 -> 93.636364
A35: Непрограммные расходы главных распорядителей средств бюджета Большеполянского сельского поселения Кадошкинского муниципального района Республики Мордовия | B35: 01 | C35: 04 | D35: 89 | I35: =I36 -> 0.1 | J35: =J36 -> 0.1 | K35: =J35/I35*100 -> 100
A36: Непрограммные расходы в рамках обеспечения деятельности главных распорядителей средств бюджета Большеполянского сельского поселения Кадошкинского муниципального района Республики Мордовия | B36: 01 | C36: 04 | D36: 89 | E36: 1 | I36: =I37 -> 0.1 | J36: =J37 -> 0.1 | K36: =J36/I36*100 -> 100
A37: Осуществление государственных полномочий Республики Мордовия по определению перечня должностных лиц, уполномоченных составлять протоколы об административных правонарушениях, предусмотренных Законом Республики Мордовия от 15 июня 2015 года № 38-З "Об административной ответственности на территории Республики Мордовия" | B37: 01 | C37: 04 | D37: 89 | E37: 1 | F37: 00 | G37: 77150 | I37: =I38 -> 0.1 | J37: =J38 -> 0.1 | K37: =J37/I37*100 -> 100
A38: Закупка товаров, работ и услуг для обеспечения государственных (муниципальных) нужд | B38: 01 | C38: 04 | D38: 89 | E38: 1 | F38: 00 | G38: 77150 | H38: 200 | I38: =I39 -> 0.1 | J38: =J39 -> 0.1 | K38: =J38/I38*100 -> 100
A39: Иные закупки товаров, работ и услуг для обеспечения государственных (муниципальных) нужд | B39: 01 | C39: 04 | D39: 89 | E39: 1 | F39: 00 | G39: 77150 | H39: 240 | I39: ='Прил 2'!J40 -> 0.1 | J39: ='Прил 2'!K40 -> 0.1 | K39: =J39/I39*100 -> 100
A40: Резервные фонды | B40: 01 | C40: 11 | I40: =I41 -> 1 | J40: =J41 -> 0 | K40: =J40/I40*100 -> 0
A41: Непрограммные расходы главных распорядителей средств бюджета Большеполянского сельского поселения Кадошкинского муниципального района Республики Мордовия | B41: 01 | C41: 11 | D41: 89 | I41: =I42 -> 1 | J41: =J42 -> 0 | K41: =J41/I41*100 -> 0
A42: Непрограммные расходы в рамках обеспечения деятельности главных распорядителей средств бюджета Большеполянского сельского поселения Кадошкинского муниципального района Республики Мордовия | B42: 01 | C42: 11 | D42: 89 | E42: 1 | I42: =I43 -> 1 | J42: =J43 -> 0 | K42: =J42/I42*100 -> 0
A43: Резервный фонд администрации Большеполянского сельского поселения Кадошкинского муниципального района Республики Мордовия | B43: 01 | C43: 11 | D43: 89 | E43: 1 | F43: 00 | G43: 41180 | I43: =I44 -> 1 | J43: =J44 -> 0 | K43: =J43/I43*100 -> 0
A44: Иные бюджетные ассигнования | B44: 01 | C44: 11 | D44: 89 | E44: 1 | F44: 00 | G44: 41180 | H44: 800 | I44: =I45 -> 1 | J44: =J45 -> 0 | K44: =J44/I44*100 -> 0
A45: Резервные средства | B45: 01 | C45: 11 | D45: 89 | E45: 1 | F45: 00 | G45: 41180 | H45: 870 | I45: ='Прил 2'!J46 -> 1 | J45: ='Прил 2'!K46 -> 0 | K45: =J45/I45*100 -> 0
A46: Национальная оборона | B46: 02 | I46: =I47 -> 95.3 | J46: =J47 -> 95.3 | K46: =J46/I46*100 -> 100
A47: Мобилизационная и вневойсковая подготовка | B47: 02 | C47: 03 | I47: =I48 -> 95.3 | J47: =J48 -> 95.3 | K47: =J47/I47*100 -> 100
A48: Непрограммные расходы главных распорядителей средств бюджета Большеполянского сельского поселения Кадошкинского муниципального района Республики Мордовия | B48: 02 | C48: 03 | D48: 89 | I48: =I49 -> 95.3 | J48: =J49 -> 95.3 | K48: =J48/I48*100 -> 100
A49: Непрограммные расходы в рамках обеспечения деятельности главных распорядителей средств бюджета Большеполянского сельского поселения Кадошкинского муниципального района Республики Мордовия | B49: 02 | C49: 03 | D49: 89 | E49: 1 | I49: =I50 -> 95.3 | J49: =J50 -> 95.3 | K49: =J49/I49*100 -> 100
A50: Осуществление государственных полномочий Российской Федерации о первичному воинскому учету на территориях, где отсутствуют военные комиссариаты | B50: 02 | C50: 03 | D50: 89 | E50: 1 | F50: 00 | G50: 51180 | I50: =I51+I53 -> 95.3 | J50: =J51+J53 -> 95.3 | K50: =J50/I50*100 -> 100
A51: Расходы на выплаты персоналу в целях обеспечения выполнения функций государственными (муниципальными) органами, казенными учреждениями, органами управления государственными внебюджетными фондами | B51: 02 | C51: 03 | D51: 89 | E51: 1 | F51: 00 | G51: 51180 | H51: 100 | I51: =I52 -> 91.3 | J51: =J52 -> 91.3 | K51: =J51/I51*100 -> 100
A52: Расходы на выплаты персоналу государственных (муниципальных) органов | B52: 02 | C52: 03 | D52: 89 | E52: 1 | F52: 00 | G52: 51180 | H52: 120 | I52: ='Прил 2'!J53 -> 91.3 | J52: ='Прил 2'!K53 -> 91.3 | K52: =J52/I52*100 -> 100
A53: Закупка товаров, работ и услуг для обеспечения государственных (муниципальных) нужд | B53: 02 | C53: 03 | D53: 89 | E53: 1 | F53: 00 | G53: 51180 | H53: 200 | I53: =I54 -> 4 | J53: =J54 -> 4 | K53: =J53/I53*100 -> 100
A54: Иные закупки товаров, работ и услуг для обеспечения государственных (муниципальных) нужд | B54: 02 | C54: 03 | D54: 89 | E54: 1 | F54: 00 | G54: 51180 | H54: 240 | I54: ='Прил 2'!J55 -> 4 | J54: ='Прил 2'!K55 -> 4 | K54: =J54/I54*100 -> 100
A55: Национальная экономика | B55: 04 | I55: =I56 -> 353.7 | J55: =J56 -> 325.5 | K55: =J55/I55*100 -> 92.027142
A56: Дорожное хозяйство (дорожные фонды) | B56: 04 | C56: 09 | I56: =I57 -> 353.7 | J56: =J57 -> 325.5 | K56: =J56/I56*100 -> 92.027142
A57: Непрограммные расходы главных распорядителей средств бюджета Большеполянского сельского поселения Кадошкинского муниципального района Республики Мордовия | B57: 04 | C57: 09 | D57: 89 | I57: =I58 -> 353.7 | J57: =J59 -> 325.5 | K57: =J57/I57*100 -> 92.027142
A58: Непрограммные расходы в рамках обеспечения деятельности главных распорядителей средств бюджета Большеполянского сельского поселения Кадошкинского муниципального района Республики Мордовия | B58: 04 | C58: 09 | D58: 89 | E58: 1 | I58: =I59 -> 353.7 | J58: =J59 -> 325.5 | K58: =J58/I58*100 -> 92.027142
A59: Иные межбюджетные трансферты на осуществление полномочий по дорожной деятельности в отношении автомобильных дорог местного значения в границах населенных пунктов поселения и обеспечению безопасности дорожного движения на них, включая создание и обеспечение функционирования парковок (парковочных мест), осуществлению муниципального контроля за сохранностью автомобильных дорог местного значения в границах населенных пунктов поселения, организации дорожного движения, а также осуществлению иных полномочий в области использования автомобильных дорог и осуществления дорожной деятельности в соответствии с законодательством Российской Федерации | B59: 04 | C59: 09 | D59: 89 | E59: 1 | F59: 00 | G59: 44102 | I59: =I60 -> 353.7 | J59: =J60 -> 325.5 | K59: =J59/I59*100 -> 92.027142
A60: Закупка товаров, работ и услуг для обеспечения государственных (муниципальных) нужд | B60: 04 | C60: 09 | D60: 89 | E60: 1 | F60: 00 | G60: 44102 | H60: 200 | I60: =I61 -> 353.7 | J60: =J61 -> 325.5 | K60: =J60/I60*100 -> 92.027142
A61: Иные закупки товаров, работ и услуг для обеспечения государственных (муниципальных) нужд | B61: 04 | C61: 09 | D61: 89 | E61: 1 | F61: 00 | G61: 44102 | H61: 240 | I61: ='Прил 2'!J62 -> 353.7 | J61: ='Прил 2'!K62 -> 325.5 | K61: =J61/I61*100 -> 92.027142
A62: Жилищно-коммунальное хозяйство | B62: 05 | I62: =I63+I69 -> 133.638 | J62: =J63+J69 -> 133.6 | K62: =J62/I62*100 -> 99.971565
A63: Коммунальное хозяйство | B63: 05 | C63: 02 | I63: =I64 -> 90.4 | J63: =J64 -> 90.4 | K63: =J63/I63*100 -> 100
A64: Непрограммные расходы главных распорядителей средств бюджета Большеполянского сельского поселения Кадошкинского муниципального района Республики Мордовия | B64: 05 | C64: 02 | D64: 89 | I64: =I65 -> 90.4 | J64: =J65 -> 90.4 | K64: =J64/I64*100 -> 100
A65: Непрограммные расходы в рамках обеспечения деятельности главных распорядителей средств бюджета Большеполянского сельского поселения Кадошкинского муниципального района Республики Мордовия | B65: 05 | C65: 02 | D65: 89 | E65: 1 | I65: =I66 -> 90.4 | J65: =J66 -> 90.4 | K65: =J65/I65*100 -> 100
A66: Иные межбюджетные трансферты на осуществление полномочий по организации в границах поселения электро-, тепло-, газо- и водоснабжения населения, водоотведения, снабжения населения топливом в пределах полномочий, установленных законодательством Российской Федерации | B66: 05 | C66: 02 | D66: 89 | E66: 1 | F66: 00 | G66: 44101 | I66: =I67 -> 90.4 | J66: =J67 -> 90.4 | K66: =J66/I66*100 -> 100
A67: Закупка товаров, работ и услуг для обеспечения государственных (муниципальных) нужд | B67: 05 | C67: 02 | D67: 89 | E67: 1 | F67: 00 | G67: 44101 | H67: 200 | I67: =I68 -> 90.4 | J67: =J68 -> 90.4 | K67: =J67/I67*100 -> 100
A68: Иные закупки товаров, работ и услуг для обеспечения государственных (муниципальных) нужд | B68: 05 | C68: 02 | D68: 89 | E68: 1 | F68: 00 | G68: 44101 | H68: 240 | I68: ='Прил 2'!J69 -> 90.4 | J68: ='Прил 2'!K69 -> 90.4 | K68: =J68/I68*100 -> 100
A69: Благоустройство | B69: 05 | C69: 03 | I69: =I70 -> 43.238 | J69: =J70 -> 43.2 | K69: =J69/I69*100 -> 99.912114
A70: Непрограммные расходы главных распорядителей средств бюджета Большеполянского сельского поселения Кадошкинского муниципального района Республики Мордовия | B70: 05 | C70: 03 | D70: 89 | I70: =I71 -> 43.238 | J70: =J71 -> 43.2 | K70: =J70/I70*100 -> 99.912114
A71: Непрограммные расходы в рамках обеспечения деятельности главных распорядителей средств бюджета Большеполянского сельского поселения Кадошкинского муниципального района Республики Мордовия | B71: 05 | C71: 03 | D71: 89 | E71: 1 | I71: =I72 -> 43.238 | J71: =J72 -> 43.2 | K71: =J71/I71*100 -> 99.912114
A72: Уличное освещение | B72: 05 | C72: 03 | D72: 89 | E72: 1 | F72: 00 | G72: 43010 | I72: =I73 -> 43.238 | J72: =J73 -> 43.2 | K72: =J72/I72*100 -> 99.912114
A73: Закупка товаров, работ и услуг для обеспечения государственных (муниципальных) нужд | B73: 05 | C73: 03 | D73: 89 | E73: 1 | F73: 00 | G73: 43010 | H73: 200 | I73: =I74 -> 43.238 | J73: =J74 -> 43.2 | K73: =J73/I73*100 -> 99.912114
A74: Иные закупки товаров, работ и услуг для обеспечения государственных (муниципальных) нужд | B74: 05 | C74: 03 | D74: 89 | E74: 1 | F74: 00 | G74: 43010 | H74: 240 | I74: ='Прил 2'!J75 -> 43.238 | J74: ='Прил 2'!K75 -> 43.2 | K74: =J74/I74*100 -> 99.912114
A75: Социальная политика | B75: 10 | I75: =I76 -> 69.6 | J75: =J76 -> 69.6 | K75: =J75/I75*100 -> 100
A76: Пенсионное обеспечение | B76: 10 | C76: 01 | I76: =I77 -> 69.6 | J76: =J77 -> 69.6 | K76: =J76/I76*100 -> 100
A77: Непрограммные расходы главных распорядителей средств бюджета Большеполянского сельского поселения Кадошкинского муниципального района Республики Мордовия | B77: 10 | C77: 01 | D77: 89 | I77: =I78 -> 69.6 | J77: =J78 -> 69.6 | K77: =J77/I77*100 -> 100
A78: Непрограммные расходы в рамках обеспечения деятельности главных распорядителей средств бюджета Большеполянского сельского поселения Кадошкинского муниципального района Республики Мордовия | B78: 10 | C78: 01 | D78: 89 | E78: 1 | I78: =I79 -> 69.6 | J78: =J79 -> 69.6 | K78: =J78/I78*100 -> 100
A79: Доплаты к пенсиям муниципальных служащих Республики Мордовия | B79: 10 | C79: 01 | D79: 89 | E79: 1 | F79: 00 | G79: 03010 | I79: =I80 -> 69.6 | J79: =J80 -> 69.6 | K79: =J79/I79*100 -> 100
A80: Социальное обеспечение и иные выплаты населению | B80: 10 | C80: 01 | D80: 89 | E80: 1 | F80: 00 | G80: 03010 | H80: 300 | I80: =I81 -> 69.6 | J80: =J81 -> 69.6 | K80: =J80/I80*100 -> 100
A81: Публичные нормативные социальные выплаты гражданам | B81: 10 | C81: 01 | D81: 89 | E81: 1 | F81: 00 | G81: 03010 | H81: 310 | I81: ='Прил 2'!J82 -> 69.6 | J81: ='Прил 2'!K82 -> 69.6 | K81: =J81/I81*100 -> 100
A82: Обслуживание государственного и муниципального долга | B82: 13 | I82: =I83 -> 1.5 | J82: =J83 -> 0 | K82: =J82/I82*100 -> 0
A83: Обслуживание государственного внутреннего и муниципального долга | B83: 13 | C83: 01 | I83: =I84 -> 1.5 | J83: =J84 -> 0 | K83: =J83/I83*100 -> 0
A84: Непрограммные расходы главных распорядителей средств бюджета Большеполянского сельского поселения Кадошкинского муниципального района Республики Мордовия | B84: 13 | C84: 01 | D84: 89 | E84: 0 | I84: =I85 -> 1.5 | J84: =J85 -> 0 | K84: =J84/I84*100 -> 0
A85: Непрограммные расходы в рамках обеспечения деятельности главных распорядителей средств бюджета Большеполянского сельского поселения Кадошкинского муниципального района Республики Мордовия | B85: 13 | C85: 01 | D85: 89 | E85: 1 | I85: =I86 -> 1.5 | J85: =J86 -> 0 | K85: =J85/I85*100 -> 0
A86: Процентные платежи по муниципальному долгу | B86: 13 | C86: 01 | D86: 89 | E86: 1 | F86: 00 | G86: 41240 | I86: =I87 -> 1.5 | J86: =J87 -> 0 | K86: =J86/I86*100 -> 0
A87: Обслуживание государственного (муниципального) долга | B87: 13 | C87: 01 | D87: 89 | E87: 1 | F87: 00 | G87: 41240 | H87: 700 | I87: =I88 -> 1.5 | J87: =J88 -> 0 | K87: =J87/I87*100 -> 0
A88: Обслуживание муниципального долга | B88: 13 | C88: 01 | D88: 89 | E88: 1 | F88: 00 | G88: 41240 | H88: 730 | I88: ='Прил 2'!J89 -> 1.5 | J88: ='Прил 2'!K89 -> 0 | K88: =J88/I88*100 -> 0

Sheet Прил 4
J1: Приложение 4 к решению Совета депутатов Большеполянского сельского поселения "Об исполнении бюджета Большеполянского сельского поселения Кадошкинского муниципального района Республики Мордовия за 2022 год"
A2: РАСПРЕДЕЛЕНИЕ БЮДЖЕТНЫХ АССИГНОВАНИЙ БЮДЖЕТА БОЛЬШЕПОЛЯНСКОГО СЕЛЬСКОГО ПОСЕЛЕНИЯ КАДОШКИНСКОГО МУНИЦИПАЛЬНОГО РАЙОНА РЕСПУБЛИКИ МОРДОВИЯ ПО ЦЕЛЕВЫМ СТАТЬЯМ (МУНИЦИПАЛЬНЫМ ПРОГРАММАМ И НЕПРОГРАММНЫМ НАПРАВЛЕНИЯМ ДЕЯТЕЛЬНОСТИ), ГРУППАМ И ПОДГРУППАМ ВИДОВ РАСХОДОВ, РАЗДЕЛАМ И ПОДРАЗДЕЛАМ КЛАССИФИКАЦИИ РАСХОДОВ БЮДЖЕТОВ НА 2022 ГОД
L3: (тыс. рублей)
A4: Наименование | B4: Цср | F4: ВР | G4: Рз | H4: Прз | I4: Адм | J4: Сумма
J5: План 2022 год | K5: Исполнение 2022 год | L5: % исполнения
A6: 1 | B6: 2 | C6: 3 | D6: 4 | E6: 5 | F6: 6 | G6: 7 | H6: 8 | I6: 9 | J6: 10 | K6: 11 | L6: 12
A7: ВСЕГО | J7: =J8+J55 -> 1833.381 | K7: =K8+K55 -> 1797.682 | L7: =K7/J7*100 -> 98.052832
A8: Обеспечение деятельности администрации | B8: 65 | J8: =J9+J22 -> 1178.543 | K8: =K9+K22 -> 1173.582 | L8: =K8/J8*100 -> 99.579057
A9: Высшее должностное лицо | B9: 65 | C9: 1 | J9: =J10+J16 -> 476.38 | K9: =K10+K16 -> 476.3 | L9: =K9/J9*100 -> 99.983207
A10: Расходы на выплаты по оплате труда высшего должностного лица муниципального образования | B10: 65 | C10: 1 | D10: 00 | E10: 41150 | J10: =J13 -> 224.38 | K10: =K13 -> 224.3 | L10: =K10/J10*100 -> 99.964346
A11: Расходы на выплаты персоналу в целях обеспечения выполнения функций государственными (муниципальными) органами, казенными учреждениями, органами управления государственными внебюджетными фондами | B11: 65 | C11: 1 | D11: 00 | E11: 41150 | F11: 100 | J11: =J12 -> 224.38 | K11: =K12 -> 224.3 | L11: =K11/J11*100 -> 99.964346
A12: Расходы на выплаты персоналу государственных (муниципальных) органов | B12: 65 | C12: 1 | D12: 00 | E12: 41150 | F12: 120 | J12: =J13 -> 224.38 | K12: =K13 -> 224.3 | L12: =K12/J12*100 -> 99.964346
A13: Общегосударственные вопросы | B13: 65 | C13: 1 | D13: 00 | E13: 41150 | F13: 120 | G13: 01 | J13: =J14 -> 224.38 | K13: =K14 -> 224.3 | L13: =K13/J13*100 -> 99.964346
A14: Функционирование высшего должностного лица субъекта Российской Федерации и муниципального образования | B14: 65 | C14: 1 | D14: 00 | E14: 41150 | F14: 120 | G14: 01 | H14: 02 | J14: =J15 -> 224.38 | K14: =K15 -> 224.3 | L14: =K14/J14*100 -> 99.964346
A15: Администрация Большеполянского сельского поселения Кадошкинского муниципального района Республики Мордовия | B15: 65 | C15: 1 | D15: 00 | E15: 41150 | F15: 120 | G15: 01 | H15: 02 | I15: 911 | J15: ='Прил 2'!J15 -> 224.38 | K15: ='Прил 2'!K15 -> 224.3 | L15: =K15/J15*100 -> 99.964346
A16: Субсидии на софинансирование расходных обязательств по финансовому обеспечению деятельности органов местного самоуправления и муниципальных учреждений | B16: 65 | C16: 1 | D16: 00 | E16: 44205 | J16: =J17 -> 252 | K16: =K17 -> 252 | L16: =K16/J16*100 -> 100
A17: Расходы на выплаты персоналу в целях обеспечения выполнения функций государственными (муниципальными) органами, казенными учреждениями, органами управления государственными внебюджетными фондами | B17: 65 | C17: 1 | D17: 00 | E17: 44205 | F17: 100 | J17: =J18 -> 252 | K17: =K18 -> 252 | L17: =K17/J17*100 -> 100
A18: Расходы на выплаты персоналу государственных (муниципальных) органов | B18: 65 | C18: 1 | D18: 00 | E18: 44205 | F18: 120 | J18: =J19 -> 252 | K18: =K19 -> 252 | L18: =K18/J18*100 -> 100
A19: Общегосударственные вопросы | B19: 65 | C19: 1 | D19: 00 | E19: 44205 | F19: 120 | G19: 01 | J19: =J20 -> 252 | K19: =K20 -> 252 | L19: =K19/J19*100 -> 100
A20: Функционирование высшего должностного лица субъекта Российской Федерации и муниципального образования | B20: 65 | C20: 1 | D20: 00 | E20: 44205 | F20: 120 | G20: 01 | H20: 02 | J20: =J21 -> 252 | K20: =K21 -> 252 | L20: =K20/J20*100 -> 100
A21: Администрация Большеполянского сельского поселения Кадошкинского муниципального района Республики Мордовия | B21: 65 | C21: 1 | D21: 00 | E21: 44205 | F21: 120 | G21: 01 | H21: 02 | I21: 911 | J21: ='Прил 2'!J18 -> 252 | K21: ='Прил 2'!K18 -> 252 | L21: =K21/J21*100 -> 100
A22: Непрограммные расходы в рамках обеспечения деятельности администрации | B22: 65 | C22: 2 | J22: =J23+J29+J44 -> 702.163 | K22: =K23+K29+K44 -> 697.282 | L22: =K22/J22*100 -> 99.304862
A23: Расходы на выплаты по оплате труда работников органов местного самоуправления | B23: 65 | C23: 2 | D23: 00 | E23: 41110 | J23: =J24 -> 309.385 | K23: =K26 -> 309.4 | L23: =K23/J23*100 -> 100.00485
A24: Расходы на выплаты персоналу в целях обеспечения выполнения функций государственными (муниципальными) органами, казенными учреждениями, органами управления государственными внебюджетными фондами | B24: 65 | C24: 2 | D24: 00 | E24: 41110 | F24: 100 | J24: =J25 -> 309.385 | K24: =K25 -> 309.4 | L24: =K24/J24*100 -> 100.00485
A25: Расходы на выплаты персоналу государственных (муниципальных) органов | B25: 65 | C25: 2 | D25: 00 | E25: 41110 | F25: 120 | J25: =J26 -> 309.385 | K25: =K26 -> 309.4 | L25: =K25/J25*100 -> 100.00485
A26: Общегосударственные вопросы | B26: 65 | C26: 2 | D26: 00 | E26: 41110 | F26: 120 | G26: 01 | J26: =J27 -> 309.385 | K26: =K27 -> 309.4 | L26: =K26/J26*100 -> 100.00485
A27: Функционирование Правительства Российской Федерации, высших органов исполнительной власти субъектов Российской Федерации, местных администраций | B27: 65 | C27: 2 | D27: 00 | E27: 41110 | F27: 120 | G27: 01 | H27: 04 | J27: =J28 -> 309.385 | K27: =K28 -> 309.4 | L27: =K27/J27*100 -> 100.00485
A28: Администрация Большеполянского сельского поселения Кадошкинского муниципального района Республики Мордовия | B28: 65 | C28: 2 | D28: 00 | E28: 41110 | F28: 120 | G28: 01 | H28: 04 | I28: 911 | J28: ='Прил 2'!J24 -> 309.385 | K28: ='Прил 2'!K24 -> 309.4 | L28: =K28/J28*100 -> 100.00485
A29: Расходы на обеспечение функций органов местного самоуправленя | B29: 65 | C29: 2 | D29: 00 | E29: 41120 | J29: =J32+J35 -> 168.016 | K29: =K32+K35 -> 167.982 | L29: =K29/J29*100 -> 99.979764
A30: Закупка товаров, работ и услуг для обеспечения государственных (муниципальных) нужд | B30: 65 | C30: 2 | D30: 00 | E30: 41120 | F30: 200 | J30: =J31 -> 158.431 | K30: =K31 -> 158.4 | L30: =K30/J30*100 -> 99.980433
A31: Иные закупки товаров, работ и услуг для обеспечения государственных (муниципальных) нужд | B31: 65 | C31: 2 | D31: 00 | E31: 41120 | F31: 240 | J31: =J32 -> 158.431 | K31: =K32 -> 158.4 | L31: =K31/J31*100 -> 99.980433
A32: Общегосударственные вопросы | B32: 65 | C32: 2 | D32: 00 | E32: 41120 | F32: 240 | G32: 01 | J32: =J33 -> 158.431 | K32: =K33 -> 158.4 | L32: =K32/J32*100 -> 99.980433
A33: Функционирование Правительства Российской Федерации, высших органов исполнительной власти субъектов Российской Федерации, местных администраций | B33: 65 | C33: 2 | D33: 00 | E33: 41120 | F33: 240 | G33: 01 | H33: 04 | J33: =J34 -> 158.431 | K33: =K34 -> 158.4 | L33: =K33/J33*100 -> 99.980433
A34: Администрация Большеполянского сельского поселения Кадошкинского муниципального района Республики Мордовия | B34: 65 | C34: 2 | D34: 00 | E34: 41120 | F34: 240 | G34: 01 | H34: 04 | I34: 911 | J34: ='Прил 2'!J26 -> 158.431 | K34: ='Прил 2'!K26 -> 158.4 | L34: =K34/J34*100 -> 99.980433
A35: Закупка товаров, работ и услуг для обеспечения государственных (муниципальных) нужд | B35: 65 | C35: 2 | D35: 00 | E35: 41120 | F35: 800 | J35: =J40+J36 -> 9.585 | K35: =K40 -> 9.582 | L35: =K35/J35*100 -> 99.968701
A36: Исполнение судебных актов | B36: 65 | C36: 2 | D36: 00 | E36: 41120 | F36: 830 | J36: =J37 -> 1 | K36: =K37 -> 1 | L36: =K36/J36*100 -> 100
A37: Общегосударственные вопросы | B37: 65 | C37: 2 | D37: 00 | E37: 41120 | F37: 830 | G37: 01 | J37: =J38 -> 1 | K37: =K38 -> 1 | L37: =K37/J37*100 -> 100
A38: Функционирование Правительства Российской Федерации, высших органов исполнительной власти субъектов Российской Федерации, местных администраций | B38: 65 | C38: 2 | D38: 00 | E38: 41120 | F38: 830 | G38: 01 | H38: 04 | J38: =J39 -> 1 | K38: =K39 -> 1 | L38: =K38/J38*100 -> 100
A39: Администрация Большеполянского сельского поселения Кадошкинского муниципального района Республики Мордовия | B39: 65 | C39: 2 | D39: 00 | E39: 41120 | F39: 830 | G39: 01 | H39: 04 | I39: 911 | J39: ='Прил 2'!J29 -> 1 | K39: ='Прил 2'!K29 -> 1 | L39: =K39/J39*100 -> 100
A40: Иные закупки товаров, работ и услуг для обеспечения государственных (муниципальных) нужд | B40: 65 | C40: 2 | D40: 00 | E40: 41120 | F40: 850 | J40: =J41 -> 8.585 | K40: =K41 -> 9.582 | L40: =K40/J40*100 -> 111.61328
A41: Общегосударственные вопросы | B41: 65 | C41: 2 | D41: 00 | E41: 41120 | F41: 850 | G41: 01 | J41: =J42 -> 8.585 | K41: =K42 -> 9.582 | L41: =K41/J41*100 -> 111.61328
A42: Функционирование Правительства Российской Федерации, высших органов исполнительной власти субъектов Российской Федерации, местных администраций | B42: 65 | C42: 2 | D42: 00 | E42: 41120 | F42: 850 | G42: 01 | H42: 04 | J42: =J43 -> 8.585 | K42: =K43 -> 9.582 | L42: =K42/J42*100 -> 111.61328
A43: Администрация Большеполянского сельского поселения Кадошкинского муниципального района Республики Мордовия | B43: 65 | C43: 2 | D43: 00 | E43: 41120 | F43: 850 | G43: 01 | H43: 04 | I43: 911 | J43: ='Прил 2'!J30 -> 8.585 | K43: ='Прил 2'!K28 -> 9.582 | L43: =K43/J43*100 -> 111.61328
A44: Субсидии на софинансирование расходных обязательств по финансовому обеспечению деятельности органов местного самоуправления и муниципальных учреждений | B44: 65 | C44: 2 | D44: 00 | E44: 44205 | J44: =J45+J50 -> 224.762 | K44: =K45+K50 -> 219.9 | L44: =K44/J44*100 -> 97.836823
A45: Расходы на выплаты персоналу в целях обеспечения выполнения функций государственными (муниципальными) органами, казенными учреждениями, органами управления государственными внебюджетными фондами | B45: 65 | C45: 2 | D45: 00 | E45: 44205 | F45: 100 | J45: =J46 -> 147.762 | K45: =K46 -> 147.8 | L45: =K45/J45*100 -> 100.02572
A46: Расходы на выплаты персоналу государственных (муниципальных) органов | B46: 65 | C46: 2 | D46: 00 | E46: 44205 | F46: 120 | J46: =J47 -> 147.762 | K46: =K47 -> 147.8 | L46: =K46/J46*100 -> 100.02572
A47: Общегосударственные вопросы | B47: 65 | C47: 2 | D47: 00 | E47: 44205 | F47: 120 | G47: 01 | J47: =J48 -> 147.762 | K47: =K48 -> 147.8 | L47: =K47/J47*100 -> 100.02572
A48: Функционирование Правительства Российской Федерации, высших органов исполнительной власти субъектов Российской Федерации, местных администраций | B48: 65 | C48: 2 | D48: 00 | E48: 44205 | F48: 120 | G48: 01 | H48: 04 | J48: =J49 -> 147.762 | K48: =K49 -> 147.8 | L48: =K48/J48*100 -> 100.02572
A49: Администрация Большеполянского сельского поселения Кадошкинского муниципального района Республики Мордовия | B49: 65 | C49: 2 | D49: 00 | E49: 44205 | F49: 120 | G49: 01 | H49: 04 | I49: 911 | J49: ='Прил 2'!J33 -> 147.762 | K49: ='Прил 2'!K33 -> 147.8 | L49: =K49/J49*100 -> 100.02572
A50: Иные закупки товаров, работ и услуг для обеспечения государственных (муниципальных) нужд | B50: 65 | C50: 2 | D50: 00 | E50: 44205 | F50: 200 | J50: =J51 -> 77 | K50: =K51 -> 72.1 | L50: =K50/J50*100 -> 93.636364
A51: Прочая закупка товаров, работ и услуг | B51: 65 | C51: 2 | D51: 00 | E51: 44205 | F51: 240 | J51: =J52 -> 77 | K51: =K52 -> 72.1 | L51: =K51/J51*100 -> 93.636364
A52: Общегосударственные вопросы | B52: 65 | C52: 2 | D52: 00 | E52: 44205 | F52: 240 | G52: 01 | J52: =J53 -> 77 | K52: =K53 -> 72.1 | L52: =K52/J52*100 -> 93.636364
A53: Функционирование Правительства Российской Федерации, высших органов исполнительной власти субъектов Российской Федерации, местных администраций | B53: 65 | C53: 2 | D53: 00 | E53: 44205 | F53: 240 | G53: 01 | H53: 04 | J53: =J54 -> 77 | K53: =K54 -> 72.1 | L53: =K53/J53*100 -> 93.636364
A54: Администрация Большеполянского сельского поселения Кадошкинского муниципального района Республики Мордовия | B54: 65 | C54: 2 | D54: 00 | E54: 44205 | F54: 240 | G54: 01 | H54: 04 | I54: 911 | J54: ='Прил 2'!J35 -> 77 | K54: ='Прил 2'!K35 -> 72.1 | L54: =K54/J54*100 -> 93.636364
A55: Непрограммные расходы главных распорядителей средств бюджета Большеполянского сельского поселения Кадошкинского муниципального района Республики Мордовия | B55: 89 | J55: =J56 -> 654.838 | K55: =K56 -> 624.1 | L55: =K55/J55*100 -> 95.306015
A56: Непрограммные расходы в рамках обеспечения деятельности главных распорядителей средств бюджета Большеполянского сельского поселения Кадошкинского муниципального района Республики Мордовия | B56: 89 | C56: 1 | J56: =J62+J68+J74+J86+J92+J98+J109+J80+J103 -> 654.838 | K56: =K62+K68+K74+K86+K92+K98+K109+K80+K103 -> 624.1 | L56: =K56/J56*100 -> 95.306015
A57: Доплаты к пенсиям муниципальных служащих | B57: 89 | C57: 1 | D57: 00 | E57: 03010 | J57: =J60 -> 69.6 | K57: =K60 -> 69.6 | L57: =K57/J57*100 -> 100
A58: Социальное обеспечение и иные выплаты населению | B58: 89 | C58: 1 | D58: 00 | E58: 03010 | F58: 300 | J58: =J59 -> 69.6 | K58: =K59 -> 69.6 | L58: =K58/J58*100 -> 100
A59: Публичные нормативные социальные выплаты гражданам | B59: 89 | C59: 1 | D59: 00 | E59: 03010 | F59: 310 | J59: =J60 -> 69.6 | K59: =K60 -> 69.6 | L59: =K59/J59*100 -> 100
A60: Социальная политика | B60: 89 | C60: 1 | D60: 00 | E60: 03010 | F60: 310 | G60: 10 | J60: =J61 -> 69.6 | K60: =K61 -> 69.6 | L60: =K60/J60*100 -> 100
A61: Пенсионное обеспечение | B61: 89 | C61: 1 | D61: 00 | E61: 03010 | F61: 310 | G61: 10 | H61: 01 | J61: =J62 -> 69.6 | K61: =K62 -> 69.6 | L61: =K61/J61*100 -> 100
A62: Администрация Большеполянского сельского поселения Кадошкинского муниципального района Республики Мордовия | B62: 89 | C62: 1 | D62: 00 | E62: 03010 | F62: 310 | G62: 10 | H62: 01 | I62: 911 | J62: ='Прил 2'!J82 -> 69.6 | K62: ='Прил 2'!K82 -> 69.6 | L62: =K62/J62*100 -> 100
A63: Резервный фонд администрации Большеполянского сельского поселения Кадошкинского муниципального района Республики Мордовия | B63: 89 | C63: 1 | D63: 00 | E63: 41180 | J63: =J66 -> 1 | K63: =K66 -> 0 | L63: =K63/J63*100 -> 0
A64: Иные бюджетные ассигнования | B64: 89 | C64: 1 | D64: 00 | E64: 41180 | F64: 800 | J64: =J65 -> 1 | K64: =K65 -> 0 | L64: =K64/J64*100 -> 0
A65: Резервные средства | B65: 89 | C65: 1 | D65: 00 | E65: 41180 | F65: 870 | J65: =J66 -> 1 | K65: =K66 -> 0 | L65: =K65/J65*100 -> 0
A66: Общегосударственные вопросы | B66: 89 | C66: 1 | D66: 00 | E66: 41180 | F66: 870 | G66: 01 | J66: =J67 -> 1 | K66: =K67 -> 0 | L66: =K66/J66*100 -> 0
A67: Резервные фонды | B67: 89 | C67: 1 | D67: 00 | E67: 41180 | F67: 870 | G67: 01 | H67: 11 | J67: =J68 -> 1 | K67: =K68 -> 0 | L67: =K67/J67*100 -> 0
A68: Администрация Большеполянского сельского поселения Кадошкинского муниципального района Республики Мордовия | B68: 89 | C68: 1 | D68: 00 | E68: 41180 | F68: 870 | G68: 01 | H68: 11 | I68: 911 | J68: ='Прил 2'!J46 -> 1 | K68: ='Прил 2'!K46 -> 0 | L68: =K68/J68*100 -> 0
A69: Процентные платежи по муниципальному долгу | B69: 89 | C69: 1 | D69: 00 | E69: 41240 | J69: =J72 -> 1.5 | K69: =K72 -> 0 | L69: =K69/J69*100 -> 0
A70: Обслуживание государственного (муниципального) долга | B70: 89 | C70: 1 | D70: 00 | E70: 41240 | F70: 700 | J70: =J71 -> 1.5 | K70: =K71 -> 0 | L70: =K70/J70*100 -> 0
A71: Обслуживание муниципального долга | B71: 89 | C71: 1 | D71: 00 | E71: 41240 | F71: 730 | J71: =J72 -> 1.5 | K71: =K72 -> 0 | L71: =K71/J71*100 -> 0
A72: Обслуживание государственного и муниципального долга | B72: 89 | C72: 1 | D72: 00 | E72: 41240 | F72: 730 | G72: 13 | J72: =J73 -> 1.5 | K72: =K73 -> 0 | L72: =K72/J72*100 -> 0
A73: Обслуживание государственного внутреннего и муниципального долга | B73: 89 | C73: 1 | D73: 00 | E73: 41240 | F73: 730 | G73: 13 | H73: 01 | J73: =J74 -> 1.5 | K73: =K74 -> 0 | L73: =K73/J73*100 -> 0
A74: Администрация Большеполянского сельского поселения Кадошкинского муниципального района Республики Мордовия | B74: 89 | C74: 1 | D74: 00 | E74: 41240 | F74: 730 | G74: 13 | H74: 01 | I74: 911 | J74: ='Прил 2'!J89 -> 1.5 | K74: ='Прил 2'!K89 -> 0 | L74: =K74/J74*100 -> 0
A75: Уличное освещение | B75: 89 | C75: 1 | D75: 00 | E75: 43010 | J75: =J78 -> 43.238 | K75: =K78 -> 43.2 | L75: =K75/J75*100 -> 99.912114
A76: Иные закупки товаров, работ и услуг для обеспечения государственных (муниципальных) нужд | B76: 89 | C76: 1 | D76: 00 | E76: 43010 | F76: 200 | J76: =J77 -> 43.238 | K76: =K77 -> 43.2 | L76: =K76/J76*100 -> 99.912114
A77: Прочая закупка товаров, работ и услуг | B77: 89 | C77: 1 | D77: 00 | E77: 43010 | F77: 240 | J77: =J78 -> 43.238 | K77: =K78 -> 43.2 | L77: =K77/J77*100 -> 99.912114
A78: Коммунальное хозяйство | B78: 89 | C78: 1 | D78: 00 | E78: 43010 | F78: 240 | G78: 05 | J78: =J79 -> 43.238 | K78: =K79 -> 43.2 | L78: =K78/J78*100 -> 99.912114
A79: Благоустройство | B79: 89 | C79: 1 | D79: 00 | E79: 43010 | F79: 240 | G79: 05 | H79: 03 | J79: =J80 -> 43.238 | K79: =K80 -> 43.2 | L79: =K79/J79*100 -> 99.912114
A80: Администрация Большеполянского сельского поселения Кадошкинского муниципального района Республики Мордовия | B80: 89 | C80: 1 | D80: 00 | E80: 43010 | F80: 240 | G80: 05 | H80: 03 | I80: 911 | J80: ='Прил 2'!J75 -> 43.238 | K80: ='Прил 2'!K75 -> 43.2 | L80: =K80/J80*100 -> 99.912114
A81: Иные межбюджетные трансферты на осуществление полномочий по организации в границах поселения электро-, тепло-, газо- и водоснабжения населения, водоотведения, снабжения населения топливом в пределах полномочий, установленных законодательством Российской Федерации | B81: 89 | C81: 1 | D81: 00 | E81: 44101 | J81: =J84 -> 90.4 | K81: =K84 -> 90.4 | L81: =K81/J81*100 -> 100
A82: Иные закупки товаров, работ и услуг для обеспечения государственных (муниципальных) нужд | B82: 89 | C82: 1 | D82: 00 | E82: 44101 | F82: 200 | J82: =J83 -> 90.4 | K82: =K83 -> 90.4 | L82: =K82/J82*100 -> 100
A83: Прочая закупка товаров, работ и услуг | B83: 89 | C83: 1 | D83: 00 | E83: 44101 | F83: 240 | J83: =J84 -> 90.4 | K83: =K84 -> 90.4 | L83: =K83/J83*100 -> 100
A84: Жилищно-коммунальное хозяйство | B84: 89 | C84: 1 | D84: 00 | E84: 44101 | F84: 240 | G84: 05 | J84: =J85 -> 90.4 | K84: =K85 -> 90.4 | L84: =K84/J84*100 -> 100
A85: Коммунальное хозяйство | B85: 89 | C85: 1 | D85: 00 | E85: 44101 | F85: 240 | G85: 05 | H85: 02 | J85: =J86 -> 90.4 | K85: =K86 -> 90.4 | L85: =K85/J85*100 -> 100
A86: Администрация Большеполянского сельского поселения Кадошкинского муниципального района Республики Мордовия | B86: 89 | C86: 1 | D86: 00 | E86: 44101 | F86: 240 | G86: 05 | H86: 02 | I86: 911 | J86: ='Прил 2'!J69 -> 90.4 | K86: ='Прил 2'!K69 -> 90.4 | L86: =K86/J86*100 -> 100
A87: Иные межбюджетные трансферты на осуществление полномочий по дорожной деятельности в отношении автомобильных дорог местного значения в границах населенных пунктов поселения и обеспечению безопасности дорожного движения на них, включая создание и обеспечение функционирования парковок (парковочных мест), осуществлению муниципального контроля за сохранностью автомобильных дорог местного значения в границах населенных пунктов поселения, организации дорожного движения, а также осуществлению иных полномочий в области использования автомобильных дорог и осуществления дорожной деятельности в соответствии с законодательством Российской Федерации | B87: 89 | C87: 1 | D87: 00 | E87: 44102 | J87: =J90 -> 353.7 | K87: =K90 -> 325.5 | L87: =K87/J87*100 -> 92.027142
A88: Иные закупки товаров, работ и услуг для обеспечения государственных (муниципальных) нужд | B88: 89 | C88: 1 | D88: 00 | E88: 44102 | F88: 200 | J88: =J89 -> 353.7 | K88: =K89 -> 325.5 | L88: =K88/J88*100 -> 92.027142
A89: Прочая закупка товаров, работ и услуг | B89: 89 | C89: 1 | D89: 00 | E89: 44102 | F89: 240 | J89: =J90 -> 353.7 | K89: =K90 -> 325.5 | L89: =K89/J89*100 -> 92.027142
A90: Национальная экономика | B90: 89 | C90: 1 | D90: 00 | E90: 44102 | F90: 240 | G90: 04 | J90: =J91 -> 353.7 | K90: =K91 -> 325.5 | L90: =K90/J90*100 -> 92.027142
A91: Дорожное хозяйство (дорожные фонды) | B91: 89 | C91: 1 | D91: 00 | E91: 44102 | F91: 240 | G91: 04 | H91: 09 | J91: =J92 -> 353.7 | K91: =K92 -> 325.5 | L91: =K91/J91*100 -> 92.027142
A92: Администрация Большеполянского сельского поселения Кадошкинского муниципального района Республики Мордовия | B92: 89 | C92: 1 | D92: 00 | E92: 44102 | F92: 240 | G92: 04 | H92: 09 | I92: 911 | J92: ='Прил 2'!J62 -> 353.7 | K92: ='Прил 2'!K62 -> 325.5 | L92: =K92/J92*100 -> 92.027142
A93: Осуществление государственных полномочий Российской Федерации о первичному воинскому учету на территориях, где отсутствуют военные комиссариаты | B93: 89 | C93: 1 | D93: 00 | E93: 51180 | J93: =J96+J99 -> 95.3 | K93: =K96+K99 -> 95.3 | L93: =K93/J93*100 -> 100
A94: Расходы на выплаты персоналу в целях обеспечения выполнения функций государственными (муниципальными) органами, казенными учреждениями, органами управления государственными внебюджетными фондами | B94: 89 | C94: 1 | D94: 00 | E94: 51180 | F94: 100 | J94: =J95 -> 91.3 | K94: =K95 -> 91.3 | L94: =K94/J94*100 -> 100
A95: Расходы на выплаты персоналу государственных (муниципальных) органов | B95: 89 | C95: 1 | D95: 00 | E95: 51180 | F95: 120 | J95: =J96 -> 91.3 | K95: =K96 -> 91.3 | L95: =K95/J95*100 -> 100
A96: Национальная оборона | B96: 89 | C96: 1 | D96: 00 | E96: 51180 | F96: 120 | G96: 02 | J96: =J97 -> 91.3 | K96: =K97 -> 91.3 | L96: =K96/J96*100 -> 100
A97: Мобилизационная и вневойсковая подготовка | B97: 89 | C97: 1 | D97: 00 | E97: 51180 | F97: 120 | G97: 02 | H97: 03 | J97: =J98 -> 91.3 | K97: =K98 -> 91.3 | L97: =K97/J97*100 -> 100
A98: Администрация Большеполянского сельского поселения Кадошкинского муниципального района Республики Мордовия | B98: 89 | C98: 1 | D98: 00 | E98: 51180 | F98: 120 | G98: 02 | H98: 03 | I98: 911 | J98: ='Прил 2'!J53 -> 91.3 | K98: ='Прил 2'!K53 -> 91.3 | L98: =K98/J98*100 -> 100
A99: Расходы на выплаты персоналу в целях обеспечения выполнения функций государственными (муниципальными) органами, казенными учреждениями, органами управления государственными внебюджетными фондами | B99: 89 | C99: 1 | D99: 00 | E99: 51180 | F99: 200 | J99: =J100 -> 4 | K99: =K100 -> 4 | L99: =K99/J99*100 -> 100
A100: Расходы на выплаты персоналу государственных (муниципальных) органов | B100: 89 | C100: 1 | D100: 00 | E100: 51180 | F100: 240 | J100: =J101 -> 4 | K100: =K101 -> 4 | L100: =K100/J100*100 -> 100
...

Sheet Прил 5
C1: Приложение 5 к решению Совета депутатов Большеполянского сельского поселения "Об исполнении бюджета Большеполянского сельского поселения Кадошкинского муниципального района Республики Мордовия за 2022 год"
A2: ИСТОЧНИКИ ВНУТРЕННЕГО ФИНАНСИРОВАНИЯ ДЕФИЦИТА БЮДЖЕТА БОЛЬШЕПОЛЯНСКОГО СЕЛЬСКОГО ПОСЕЛЕНИЯ КАДОШКИНСКОГО МУНИЦИПАЛЬНОГО РАЙОНА РЕСПУБЛИКИ МОРДОВИЯ НА 2022 ГОД
E3: (тыс.руб.)
A4: Код | B4: Наименование кода группы, подгруппы, статьи, вида источника финансирования дефицитов бюджетов, кода классификации операций сектора государственного управления, относящихся к источникам финансирования дефицитов бюджетов Российской Федерации | C4: Сумма (тыс. руб.)
C5: План 2022 год | D5: Исполнение 2022 год | E5: % исполнения
A6: 000 01 00 00 00 00 0000 000 | B6: ИСТОЧНИКИ ВНУТРЕННЕГО ФИНАНСИРОВАНИЯ ДЕФИЦИТОВ БЮДЖЕТОВ | C6: =C7+C10+C14 -> 32.981 | D6: =D7+D10+D14 -> 7.482 | E6: =D6/C6*100 -> 22.685789
A7: 000 01 02 00 00 00 0000 000 | B7: Кредиты кредитных организаций в валюте Российской Федерации | C7: =SUM(C8) -> 0 | D7: =SUM(D8) -> 0
A8: 000 01 02 00 00 00 0000 700 | B8: Получение кредитов от кредитных организаций в валюте Российской Федерации | C8: =SUM(C9) -> 0 | D8: =SUM(D9) -> 0
A9: 000 01 02 00 00 10 0000 710 | B9: Получение кредитов от кредитных организаций бюджетами поселений в валюте Российской Федерации | C9: 0 | D9: 0
A10: 000 01 03 00 00 00 0000 000 | B10: Бюджетные кредиты от других бюджетов бюджетной системы Российской Федерации | C10: =C11 -> 0 | D10: =D11 -> 0
A11: 000 01 03 01 00 00 0000 000 | B11: Бюджетные кредиты от других бюджетов бюджетной системы Российской Федерации в валюте Российской Федерации | C11: =C12 -> 0 | D11: =D12 -> 0
A12: 000 01 03 01 00 10 0000 800 | B12: Погашение бюджетных кредитов, полученных от других бюджетов бюджетной системы Российской Федерации в валюте Российской Федерации | C12: =SUM(C13) -> 0 | D12: =SUM(D13) -> 0
A13: 000 01 03 01 00 10 0000 810 | B13: Погашение бюджетами сельских поселений кредитов от других бюджетов бюджетной системы Российской Федерации в валюте Российской Федерации | C13: 0 | D13: 0
A14: 000 01 05 00 00 00 0000 000 | B14: Изменения остатков средств на счетах по учету средств бюджетов | C14: =C17+C18 -> 32.981 | D14: =D17+D18 -> 7.482 | E14: =D14/C14*100 -> 22.685789
A15: 000 01 05 02 00 00 0000 500 | B15: Увеличение прочих остатков средств бюджетов | C15: =SUM(C16) -> -1800.4 | D15: =SUM(D16) -> -1790.2 | E15: =D15/C15*100 -> 99.433459
A16: 000 01 05 02 01 00 0000 510 | B16: Увеличение прочих остатков денежных средств бюджетов | C16: =SUM(C17) -> -1800.4 | D16: =SUM(D17) -> -1790.2 | E16: =D16/C16*100 -> 99.433459
A17: 000 01 05 02 01 10 0000 510 | B17: Увеличение прочих остатков денежных средств бюджетов сельских поселений | C17: =-'Прил 1'!C7-C9 -> -1800.4 | D17: =-'Прил 1'!D7-D9 -> -1790.2 | E17: =D17/C17*100 -> 99.433459
A18: 000 01 05 02 00 00 0000 600 | B18: Уменьшение прочих остатков средств бюджетов | C18: =SUM(C19) -> 1833.381 | D18: =SUM(D19) -> 1797.682 | E18: =D18/C18*100 -> 98.052832
A19: 000 01 05 02 01 00 0000 610 | B19: Уменьшение прочих остатков денежных средств бюджетов | C19: =SUM(C20) -> 1833.381 | D19: =SUM(D20) -> 1797.682 | E19: =D19/C19*100 -> 98.052832
A20: 000 01 05 02 01 10 0000 610 | B20: Уменьшение прочих остатков денежных средств бюджетов сельских поселений | C20: ='Прил 2'!J8-C13 -> 1833.381 | D20: ='Прил 3 '!J7-D13 -> 1797.682 | E20: =D20/C20*100 -> 98.052832
